 Dungeon Crawl Stone Soup version 0.17-a0-2147-gfb20a63 (webtiles) character file.

46 tp1 the Magician (level 3, -4/19 HPs)
             Began as a Deep Elf Conjurer on Oct 24, 2015.
             Slain by a hobgoblin
             ... wielding a +0 club
              (5 damage)
             ... on level 2 of the Dungeon.
             The game lasted 00:07:15 (2296 turns).

tp1 the Magician (Deep Elf Conjurer)                Turns: 2296, Time: 00:07:15

Health: -4/19      AC:  5    Str:  5    XL:     3   Next: 44%
Magic:  1/11       EV: 12    Int: 20    God:
Gold:   23         SH:  0    Dex: 15    Spells: 2 memorised, 9 levels left

rFire  . . .     SeeInvis .     o - +0 rapier
rCold  . . .     Clarity  .     g - +0 leather armour
rNeg   . . .     SustAt   .     (no shield)
rPois  .         Gourm    .     (no helmet)
rElec  .         Spirit   .     (no cloak)
rCorr  .         Warding  .     (no gloves)
rMut   .         Stasis   .     (no boots)
MR     .....                    (no amulet)
Stlth  ++........               (no ring)
                                (no ring)

@: very slightly contaminated, invisible, not resistant to hostile enchantments,
unstealthy
A: thin metallic scales 1
a: no special abilities


You were on level 2 of the Dungeon.
You were not hungry.

You visited 1 branch of the dungeon, and saw 2 of its levels.

You collected 23 gold pieces.

Inventory:

Hand Weapons
 m - a +0 short sword
 o - a +0 rapier (weapon)
Armour
 a - a +0 robe
 g - a +0 leather armour (worn)
Scrolls
 e - a scroll of teleportation {unknown}
 f - 2 scrolls of blinking {unknown}
 i - a scroll of noise {unknown}
 j - a scroll of remove curse {unknown}
 k - a scroll of identify {unknown}
 n - 2 scrolls of recharging {unknown}
Books
 b - a book of Conjurations

   Spells                             Type                      Level
   a - Magic Dart                     Conjuration                  1
   b - Searing Ray                    Conjuration                  2
   c - Dazzling Spray                 Conjuration/Hexes            3
   d - Fulminant Prism                Conjuration/Hexes            4
   e - Iskenderun's Mystic Blast      Conjuration                  4
   f - Iskenderun's Battlesphere      Conjuration/Charms           5
Comestibles
 c - a bread ration
 l - a royal jelly


   Skills:
 - Level 2.4 Dodging
 - Level 2.4 Stealth
 - Level 5.0 Spellcasting
 + Level 4.6 Conjurations


You had 9 spell levels left.
You knew the following spells:

 Your Spells              Type           Power        Failure   Level  Hunger
a - Magic Dart            Conj           ###.         3%          1    None
b - Searing Ray           Conj           ###...       6%          2    None


Dungeon Overview and Level Annotations

Branches:
Dungeon (2/15)

Altars:
Ashenzari
Vehumet


Innate Abilities, Weirdness & Mutations

You are partially covered in thin metallic scales (AC +2).


Message History

The jackal closely misses you.
Drink which item? (? for menu, Esc to quit)
It was a potion of mutation.
You feel extremely strange.
Thin metallic scales grow over part of your body.
There is a nasty taste in your mouth for a moment.
You feel an ache in your throat. The jackal bites you.
* * * LOW HITPOINT WARNING * * *
The hobgoblin hits you with a club.
* * * LOW HITPOINT WARNING * * *
Drink which item? (? for menu, Esc to quit)
It was a potion of invisibility.
You fade into invisibility!
The jackal bites you but does no damage.
The hobgoblin hits you with a club.
* * * LOW HITPOINT WARNING * * *
The jackal misses you.
You are very lightly contaminated with residual magic.
The hobgoblin hits you with a club.
You die...

###.## #....# #
#....# #l##....#
.......########
#.....@h....#
#......g....#
#...........#
#....######## .
.#.# ###....# .
....# #...)..# #
#...###......# #
#............#
###..####......#
###


You could see a jackal (wandering) and a hobgoblin.

Vanquished Creatures
  2 worms
  2 giant geckos
  3 bats
  A giant cockroach (D:1)
  2 goblins (D:1)
  7 hobgoblins
  3 jackals (D:2)
  4 giant newts
  7 kobolds (D:1)
  6 rats
37 creatures vanquished.

Notes
Turn   | Place    | Note
--------------------------------------------------------------
     0 | D:1      | tp1 the Deep Elf Conjurer began the quest for the Orb.
     0 | D:1      | Reached XP level 1. HP: 10/10 MP: 6/6
   154 | D:1      | Reached XP level 2. HP: 15/15 MP: 0/9
   158 | D:1      | Learned a level 2 spell: Searing Ray
  1640 | D:1      | Reached XP level 3. HP: 19/19 MP: 8/11
  2053 | D:2      | Found a shattered altar of Ashenzari.
  2087 | D:2      | Reached skill level 5 in Spellcasting
  2240 | D:2      | Found a radiant altar of Vehumet.
  2292 | D:2      | Gained mutation: You are partially covered in thin metallic scales (AC +2). [potion of mutation]
  2292 | D:2      | Gained mutation: You can spit weak poison. [potion of mutation]
  2292 | D:2      | Lost mutation: You can spit weak poison. [potion of mutation]
  2296 | D:2      | Slain by a hobgoblin

Vault maps used:
D:1:      mrwooster_arrival_statue, minivault_11
D:2:      lemuel_crystal_altar, vehumet_crystals, ashenzari_conservatory_becter

Action                   || total
-------------------------++-------
Melee: Rapier            ||     4
 Cast: Magic Dart        ||    77
       Searing Ray       ||     4
  Use: Potion            ||     2
  Eat: Chunk             ||     4
